Unix NetHack Version 3.7.0-89 Work-in-progress - last build Oct 29 2023 02:39:45 (20cca84197b74dff38aa9bb07c633f6875ef724d,branch:master). Game began 2023-10-31 17:39:37, ended 2023-10-31 19:20:46. BeanNighe, neutral male human Tourist -------- ---------------- |.......# ##-..............| #...>...|# # |......{........## #.......|# # |..............| # --------------- #-@------# # ------------+--- ###..............| #Md0 # # ##|.............| # # # [#|.............| # # # ##---------.----- # # # ### ### # # # ###### ## -----# ## # --+---- # #### #### ------- |$.)[# # # |...`.| # # -.----- |.).*.| |<..| ### # |.....| # ##......| |.[*?)| |...)# ### 0 # |.....| ## |.....| |..=.*| ----- ######## |.....|## |..)...##########-.....| #-----.######....[..# ------- |(.(+.| |.....[ ------- |[.*).| .....| ------- ------ BeanNighe the Excursionist St:13 Dx:13 Co:17 In:12 Wi:9 Ch:16 Neutral Dlvl:5 $:34 HP:0(69) Pw:19(23) AC:10 Xp:7/1027 T:14211 Latest messages: You swap places with your coyote. There is a doorway here. You see here a crude dagger. You swap places with your coyote. The jackal picks up an arrow. The jackal drops an arrow. Darcy drops an iron skull cap. The jackal picks up an iron skull cap. You climb up the stairs. The jackal picks up an arrow. You descend the stairs. The jackal drops an arrow. You swap places with your jackal. $ - a gold piece (34 in total). You see here an arrow. The jackal picks up an arrow. The jackal picks up an arrow. Where do you want to travel to? (For instructions type a '?') You swap places with your jackal. You hear some noises in the distance. You hit the hill orc! The dwarf mummy hits! The hill orc thrusts her crude short sword. The hill orc hits! You hit the hill orc. The dwarf mummy hits! The hill orc thrusts her crude short sword. The hill orc hits! You hit the hill orc! The dwarf mummy hits! You kill the hill orc! There is a doorway here. There are several objects here. The dwarf mummy hits! You hit the dwarf mummy. The jackal drops a curved sword. The dwarf mummy hits! You hit the dwarf mummy. The dwarf mummy hits! You miss the dwarf mummy. The dwarf mummy hits! You hit the dwarf mummy! The dwarf mummy hits! You miss the dwarf mummy. The dwarf mummy hits! You hit the dwarf mummy! You hit the dwarf mummy. The dwarf mummy hits! You die... Inventory: Coins ('$') $ - 34 gold pieces Amulets ('"') z - an uncursed amulet of unchanging Weapons (')') w - 5 blessed +1 darts x - 10 blessed +1 darts U - 7 uncursed rustproof +0 darts a - 2 uncursed +2 darts I - 11 uncursed +0 darts W - 7 cursed +0 darts q - 4 cursed -1 darts b - an uncursed +0 dagger K - the uncursed +0 Demonbane r - the uncursed rustproof +0 Giantslayer (weapon in hand) Armor ('[') d - an uncursed rusty +0 orcish helm Z - a cursed -1 pair of elven boots G - an uncursed +0 pair of jumping boots T - a cursed -1 pair of levitation boots m - an uncursed +0 pair of low boots L - an uncursed burnt +0 dwarvish cloak i - a blessed +0 Hawaiian shirt with a toucan motif Comestibles ('%') J - 2 uncursed food rations Scrolls ('?') g - a cursed scroll of amnesia p - a blessed scroll of gold detection Potions ('!') f - an uncursed potion of gain ability s - an uncursed potion of levitation Rings ('=') Y - an uncursed ring of see invisible Wands ('/') c - an uncursed wand of speed monster (0:5) S - a blessed wand of striking (0:4) N - an uncursed wand of striking (0:2) Tools ('(') e - an uncursed sack containing 21 items X - an uncursed fire horn (0:7) F - an uncursed can of grease (0:23) k - an uncursed credit card j - an uncursed expensive camera (0:73) B - an uncursed skeleton key l - an uncursed partly used tallow candle t - an uncursed +0 unicorn horn V - an uncursed partly used wax candle Gems/Stones ('*') R - an uncursed garnet stone y - an uncursed jade stone h - an uncursed worthless piece of black glass O - an uncursed worthless piece of black glass o - 4 uncursed worthless pieces of blue glass n - 3 uncursed worthless pieces of green glass H - an uncursed worthless piece of orange glass D - 2 uncursed worthless pieces of violet glass Q - 3 uncursed worthless pieces of yellow glass Contents of the sack: 1563 gold pieces an uncursed scroll of confuse monster an uncursed scroll of create monster 2 uncursed scrolls of destroy armor an uncursed scroll of food detection an uncursed scroll of identify a blessed scroll of magic mapping an uncursed scroll of magic mapping a blessed scroll of punishment a cursed potion of blindness an uncursed potion of extra healing a cursed potion of full healing an uncursed potion of gain energy an uncursed potion of gain level a cursed potion of hallucination an uncursed potion of healing an uncursed potion of levitation an uncursed potion of paralysis an uncursed potion of see invisible an uncursed potion of water an uncursed -1 ring of adornment BeanNighe the Tourist's attributes: Background: You were an Excursionist, a level 7 male human Tourist. You were neutral, on a mission for The Lady who was opposed by Blind Io (lawful) and Offler (chaotic). You were in the Dungeons of Doom, on level 5. You entered the dungeon 14211 turns ago. There was a full moon in effect when your adventure ended. You had 1027 experience points, 253 more were needed to attain level 8. Basics: You had 0 out of 69 hit points. You had 19 out of 23 energy points (spell power). Your armor class was 10. Your wallet contained 34 zorkmids, and you had 1563 more stashed away in your pack. Autopickup was on for '$?!"=/*', with exceptions. Final Characteristics: Your strength was 13 (limit:18/100). Your dexterity was 13 (limit:18). Your constitution was 17 (peak:18, limit:18). Your intelligence was 12 (limit:18). Your wisdom was 9 (limit:18). Your charisma was 16 (limit:18). Final Status: You weren't hungry. You were unencumbered. You were wielding a long sword. You had basic skill with long sword. You weren't wearing any armor. Final Attributes: You were piously aligned. You were level-drain resistant. You were telepathic. You were a werejackal. You were harmed by silver. You were lucky. You are dead. Miscellaneous: You disabled loading of bones levels. Total elapsed playing time was 1 hour, 2 minutes and 45 seconds. Major events: Turn 1: BeanNighe the neutral male human Tourist entered the dungeon 1154: attained the rank of Sightseer (level 3) 7799: was bestowed with Giantslayer by The Lady 8847: found Demonbane on the floor 9230: entered the Gnomish Mines 9499: attained the rank of Excursionist (level 6) 10379: reached Mine Town 14211: killed by a dwarf mummy Vanquished creatures: 2 small mimics a watchman a quivering blob a leprechaun a gnome ruler 3 lizards a jaguar a dwarf leader a white unicorn a dust vortex a snake 2 apes 2 Uruk-hai an orc shaman 2 rock piercers 2 rock moles a pony a yellow light 3 shriekers 5 gnome leaders 2 gnomish wizards a gray ooze 2 floating eyes a kitten 7 dwarves a homunculus 3 kobold leaders 10 hill orcs 4 rothes 3 orc zombies 2 wererats a werejackal an iguana 2 killer bees 6 acid blobs 9 coyotes 3 gas spores 3 hobbits 2 large kobolds 2 hobgoblins 13 giant rats 5 cave spiders 2 brown molds 3 yellow molds a green mold 3 red molds 28 gnomes 10 garter snakes 2 gnome zombies 15 geckos 20 jackals 2 foxes 4 kobolds 8 goblins 5 sewer rats 25 grid bugs 4 bats 11 lichens 2 kobold zombies 18 newts 279 creatures vanquished. No species were genocided or became extinct. Voluntary challenges: You read items or engraved 8 times. You engraved Elbereth 2 times. You never genocided any monsters. You never polymorphed an object. You used no wishes. Achievements: You attained the rank of Sightseer. You entered a shop. You entered the Gnomish Mines. You attained the rank of Excursionist. You entered Minetown. You entered a temple. The Dungeons of Doom: levels 1 to 7 Level 1: "vault" An altar to The Lady. Level 2: A weapon shop, a fountain. Level 3: Level 4: A potion shop, a fountain. Stairs down to The Gnomish Mines. Level 5: <- You were here. A general store, a fountain. Final resting place for you, killed by a dwarf mummy. Level 6: A fountain. Level 7: The Gnomish Mines: levels 5 to 8 Level 5: Level 6: Level 7: Level 8: Many shops, a temple and an altar, some fountains. Game over: ---------- / \ / REST \ / IN \ / PEACE \ / \ | BeanNighe | | 1597 Au | | killed by a | | dwarf mummy | | | | | | 2023 | *| * * * | * _________)/\\_//(\/(/\)/\//\/|_)_______ Aloha BeanNighe the Tourist... You died in The Dungeons of Doom on dungeon level 5 with 5500 points, and 1597 pieces of gold, after 14211 moves. You were level 7 with a maximum of 69 hit points when you died.